 Dungeon Crawl Stone Soup version 0.20.1-1-g8b1a95d (webtiles) character file.

5695 vatarom the Protected (level 11, -6/86 (87) HPs)
             Began as a Formicid Fighter on Sept 10, 2017.
             Was a Priest of Ru.
             Mangled by a death yak (18 damage)
             ... on level 9 of the Dungeon.
             The game lasted 00:15:39 (8638 turns).

vatarom the Protected (Formicid Fighter)            Turns: 8638, Time: 00:15:40

HP:   -6/86 (87)    AC: 12    Str: 25    XL:     11   Next: 4%
MP:   0/11          EV:  7    Int:  7    God:    Ru [***...]
Gold: 242           SH: 11    Dex: 12    Spells: 10/10 levels left

rFire    + . .     SeeInvis +   a - +1 war axe
rCold    . . .     Gourm    .   c - +1 shield
rNeg     . . .     Faith    .   e - +0 chain mail
rPois    .         Spirit   +   (helmet unavailable)
rElec    +         Reflect  .   d - scarf {Spirit}
rCorr    .         Harm     .   (no gloves)
MR       +....     Clarity  +   s - +0 pair of boots
Stlth    ..........             (no amulet)
Regen    0.3/turn               (no ring)
MPRegen  0.2/turn               (no ring)

@: exhausted, drained
A: permanent stasis, dig shafts and tunnels, four strong arms, antennae 3,
clarity, fire resistance 1, sense surroundings 1, electricity resistance, strong
1, no potion heal 1, no stealth, inability to train dodging, unskilled 1
a: Dig, Shaft Self, Draw Out Power, Renounce Religion


You were on level 9 of the Dungeon.
You worshipped Ru.
Ru was most pleased with you.
You were not hungry.

You visited 2 branches of the dungeon, and saw 10 of its levels.

You collected 426 gold pieces.
You spent 184 gold pieces at shops.

Inventory:

Hand Weapons
 a - a +1 war axe (weapon)
Armour
 c - a +1 shield (worn)
 d - a scarf of spirit shield (worn)
 e - a +0 chain mail (worn)
 s - a +0 pair of boots (worn)
Wands
 b - a wand of polymorph (4/24)
 q - a wand of lightning (5/15)
 t - a wand of flame (22/48)
Scrolls
 h - a scroll of amnesia
 i - 6 scrolls of identify
 n - 2 scrolls of enchant armour
 r - a scroll of enchant weapon
 w - a scroll of magic mapping
Potions
 g - 4 potions of brilliance
 j - a potion of resistance
 m - 2 potions of magic
Comestibles
 f - 5 bread rations
 k - 4 royal jellies
 l - 5 fruits
 o - 3 meat rations
 p - 2 chunks of flesh


   Skills:
 * Level 8.6(8.2) Fighting
 - Level 8.3(7.9) Axes
 + Level 9.8(9.4) Armour
 - Level 6.0(5.6) Shields


You had 10 spell levels left.
You didn't know any spells.

Dungeon Overview and Level Annotations

Branches:
Dungeon (9/15)             Temple (1/1) D:4            Lair (0/6) D:9
    Orc: D:9-12

Altars:
Ashenzari
Dithmenos
Elyvilon
Fedhas
Gozag
Hepliaklqana
Makhleb
Nemelex Xobeh
Okawaru
Qazlal
Ru
Sif Muna
Trog
Uskayaw
Vehumet
Xom
Yredelemnul
Zin
The Shining One

Shops:
D:7 *


Innate Abilities, Weirdness & Mutations

You cannot be hasted, slowed, berserked, paralysed or teleported.
You can dig through walls and to a lower floor.
Your four strong arms can wield two-handed weapons with a shield.
You have a pair of large antennae on your head. (SInv)
You cannot be stealthy.
You cannot train Dodging skill.
You are somewhat unskilled. (-1 Apt)
You possess an exceptional clarity of mind.
Your flesh is heat resistant. (rF+)
You passively map a small area around you.
You are resistant to electric shocks. (rElec)
Your muscles are strong. (Str +2)
Potions are less effective at restoring your health.


Message History

You block the death yak's attack.
You hit the death yak but do no damage.
The death yak is moderately wounded.
The death yak gores you!
* * * LOW HITPOINT WARNING * * *
The death yak barely misses you.
You slash the death yak!
The death yak is heavily wounded.
The death yak gores you!
* * * LOW HITPOINT WARNING * * *
You slash the death yak!
The death yak is severely wounded.
You block the death yak's attack.
You hit the death yak.
The death yak is severely wounded.
The death yak gores you but does no damage.
You hit the death yak.
The death yak is severely wounded.
The death yak gores you!!
You die...

#.# #....... ##.#####
.>..Y.. ###......# * .
,....$. , ,..#..###.# ..
....#, #.#..###.# , , ...#
...# ###.#...##.# *
.....#S.###.##.#.#.#..#
.o......##.###.#....[.####
....Y.)(#.oSY@...........+
.#.......#.#######....####
###.#####.# ###.## * , #.,
#.# #.# #. * #.# #.# * *
#. ,,*#.# #.# # * (, , ..#
#.# # , ..# ###.#########
,, .## #............


You could see a death yak, a water moccasin and an orc.

Vanquished Creatures
  The ghost of HedoNNN the Basher, a novice MiBe of Trog (D:8)
  A death yak (D:9)
  Pikel (D:7)
  4 hippogriffs
  A wyvern (D:9)
  Menkaure (D:7)
  A water moccasin (D:8)
  A sky beast (D:5)
  4 orc warriors
  An eye of draining (D:8)
  A necrophage (D:8)
  A phantom (D:4)
  3 black bears
  3 ogres
  A centaur (D:9)
  2 bullfrogs
  4 killer bees (D:7)
  3 howler monkeys
  5 crimson imps
  2 bullfrog zombies (D:6)
  3 hounds
  A bullfrog skeleton (D:4)
  3 jellies
  4 orc priests
  Crazy Yiuf (D:7)
  3 centaur skeletons
  4 orc wizards
  Ijyb (D:4)
  Terence (D:2)
  5 worker ants
  2 iguanas
  4 gnolls (D:3)
  9 adders
  2 shadow imps
  2 oozes
  An adder zombie (D:6)
  3 worms
  A dart slug (D:1)
  6 leopard geckos
  23 orcs
  3 ball pythons
  10 bats
  5 giant cockroaches
  3 goblins
  3 hobgoblins
  4 jackals (D:2)
  4 kobolds
  5 quokkas
  4 frilled lizards
  2 leopard gecko skeletons (D:6)
  8 rats
171 creatures vanquished.

Vanquished Creatures (others)
  An ogre (D:7)
  A hound (D:7)
  An orc wizard (D:5)
  An iguana (D:4)
  A goblin (D:2)
5 creatures vanquished.

Grand Total: 176 creatures vanquished

Notes
Turn   | Place    | Note
-------+----------+-------------------------------------------
     0 | D:1      | vatarom the Formicid Fighter began the quest for the Orb.
     0 | D:1      | Reached XP level 1. HP: 18/18 MP: 1/1
   172 | D:1      | Gained mutation: You possess an exceptional clarity of mind. [potion of mutation]
   172 | D:1      | Gained mutation: You are dopey. (Int -2) [potion of mutation]
   172 | D:1      | Gained mutation: You passively map a small area around you. [potion of mutation]
   172 | D:1      | Gained mutation: You have sharp toenails. [potion of mutation]
   184 | D:1      | Reached XP level 2. HP: 20/24 MP: 2/2
   614 | D:2      | Found a sacrificial altar of Ru.
   628 | D:2      | Became a worshipper of Ru the Awakened
   630 | D:2      | Reached XP level 3. HP: 29/29 MP: 3/3
   715 | D:2      | Found a blossoming altar of Fedhas.
   802 | D:2      | Noticed Terence
   805 | D:2      | Found a deep blue altar of Sif Muna.
   819 | D:2      | Killed Terence
   819 | D:2      | Reached XP level 4. HP: 29/35 MP: 4/4
  1019 | D:2      | Found a radiant altar of Vehumet.
  1072 | D:2      | Reached skill level 5 in Shields
  1189 | D:2      | Found a shimmering altar of Xom.
  1192 | D:2      | Found a stormy altar of Qazlal.
  1205 | D:2      | Found a hazy altar of Hepliaklqana.
  1358 | D:3      | Reached XP level 5. HP: 38/41 MP: 5/5
  1367 | D:3      | Gained mutation: You are somewhat unskilled. (-1 Apt) [Ru sacrifice]
  1367 | D:3      | Reached * piety under Ru
  1367 | D:3      | Reached ** piety under Ru
  1481 | D:3      | Found a glowing golden altar of the Shining One.
  1746 | D:3      | Reached skill level 5 in Shields
  2175 | D:4      | Reached XP level 6. HP: 47/47 MP: 6/6
  2250 | D:4      | Noticed an ogre
  2259 | D:4      | Killed an ogre
  2897 | D:4      | Found a staircase to the Ecumenical Temple.
  2924 | Temple   | Entered the Ecumenical Temple
  3081 | D:4      | Reached XP level 7. HP: 48/52 MP: 7/7
  3138 | D:4      | Reached skill level 5 in Axes
  3162 | D:4      | Noticed Ijyb
  3174 | D:4      | Killed Ijyb
  3355 | D:4      | Reached skill level 4 in Armour
  3376 | D:4      | Lost mutation: You have sharp toenails. [potion of mutation]
  3376 | D:4      | Lost mutation: You are dopey. (Int -2) [potion of mutation]
  3376 | D:4      | Gained mutation: Your muscles are strong. (Str +2) [potion of mutation]
  3376 | D:4      | Gained mutation: Potions are less effective at restoring your health. [potion of mutation]
  3376 | D:4      | Gained mutation: You are resistant to electric shocks. (rElec) [potion of mutation]
  3376 | D:4      | Gained mutation: Your flesh is heat resistant. (rF+) [potion of mutation]
  3797 | D:5      | Entered Level 5 of the Dungeon
  3805 | D:5      | Found a sparkling altar of Nemelex Xobeh.
  3860 | D:5      | Gained mutation: You cannot be stealthy. [Ru sacrifice]
  4029 | D:5      | Reached XP level 8. HP: 58/58 MP: 8/8
  4348 | D:5      | Reached skill level 5 in Armour
  5465 | D:6      | Found a shattered altar of Ashenzari.
  5480 | D:6      | Reached skill level 6 in Armour
  5662 | D:6      | Reached XP level 9. HP: 63/63 MP: 9/9
  5946 | D:7      | Found a hide-covered altar of Uskayaw.
  5988 | D:7      | Gained mutation: You cannot train Dodging skill. [Ru sacrifice]
  5988 | D:7      | Reached *** piety under Ru
  6061 | D:7      | Noticed a hippogriff
  6075 | D:7      | Killed a hippogriff
  6075 | D:7      | Reached skill level 7 in Armour
  6145 | D:7      | Noticed a hippogriff
  6152 | D:7      | Killed a hippogriff
  6631 | D:7      | Noticed Menkaure
  6638 | D:7      | Killed Menkaure
  6802 | D:7      | Found Heugatai's Assorted Antiques.
  6806 | D:7      | Bought an embroidered scarf for 184 gold pieces
  6843 | D:7      | Reached skill level 8 in Armour
  7070 | D:7      | Noticed Pikel
  7084 | D:7      | Killed Pikel
  7084 | D:7      | Reached XP level 10. HP: 73/73 MP: 8/10
  7203 | D:7      | Found a runed door.
  7207 | D:7      | Noticed Crazy Yiuf
  7210 | D:7      | Killed Crazy Yiuf
  7369 | D:8      | Reached skill level 5 in Fighting
  7639 | D:8      | Reached skill level 9 in Armour
  8034 | D:8      | Noticed HedoNNN's ghost (novice MiBe)
  8081 | D:8      | Killed HedoNNN's ghost
  8601 | D:9      | Found a staircase to the Lair.
  8601 | D:9      | Noticed a death yak
  8601 | D:9      | Noticed a death yak
  8603 | D:9      | Noticed a death yak
  8619 | D:9      | Killed a death yak
  8619 | D:9      | Reached XP level 11. HP: 48/86 MP: 5/11
  8638 | D:9      | Mangled by a death yak

Skill      XL: |  1  2  3  4  5  6  7  8  9 10 |
---------------+-------------------------------+-----
Shields        | 4 5 5 6 |  6.0
Axes           | 3 4 5 7 8 |  8.3
Armour         | 4 6 8 9 |  9.8
Fighting       | 4 8 |  8.6

Action                   |  1- 3 |  4- 6 |  7- 9 | 10-12 || total
-------------------------+-------+-------+-------+-------++-------
Melee: War axe           |    70 |   160 |   400 |   231 ||   861
       Kick              |    11 |    39 |    10 |       ||    60
       Hand axe          |       |       |       |     4 ||     4
Invok: Sacrifice Skill   |       |     1 |       |       ||     1
       Sacrifice Stealth |       |       |     1 |       ||     1
       Draw Out Power    |       |       |     2 |     1 ||     3
       Sacrifice Nimblen |       |       |     1 |       ||     1
 Abil: Dig               |       |       |     2 |     1 ||     3
  Use: Scroll            |     4 |     2 |     5 |     1 ||    12
       Potion            |     2 |     3 |     7 |     2 ||    14
 Stab: Invisible         |       |       |     1 |     5 ||     6
  Eat: Chunk             |       |     4 |     6 |     4 ||    14
       Royal jelly       |       |     2 |       |       ||     2
       Bread ration      |       |       |     2 |       ||     2
Armor: Scale mail        |    39 |    50 |   109 |       ||   198
       Chain mail        |       |       |     3 |    65 ||    68
Dodge: Dodged            |    14 |    61 |   108 |    45 ||   228
Block: Shield            |    35 |   101 |   249 |   102 ||   487
